 Dungeon Crawl Stone Soup version 0.30.1-4-g462c640d31 (webtiles) character file.

Game seed: 11546764237353610970

91 Bobit the Slasher (level 4, -1/41 HPs)
             Began as a Gnoll Cinder Acolyte on Aug 11, 2023.
             Was a High Priest of Ignis.
             Slain by an orc
             ... wielding a +0 dagger
              (2 damage)
             ... on level 3 of the Dungeon.
             The game lasted 00:02:42 (994 turns).

Bobit the Slasher (Gnoll Cinder Acolyte)             Turns: 994, Time: 00:02:42

Health: -1/41      AC:  2    Str: 14    XL:     4   Next: 59%
Magic:  8/8        EV: 11    Int: 13    God:    Ignis [*****.]
Gold:   86         SH:  0    Dex:  9    Spells: 7/9 levels left

rFire   + . .        a - -1 falchion (flame)
rCold   . . .        (no shield)
rNeg    . . .        b - +0 robe
rPois   .            (no helmet)
rElec   .            (no cloak)
rCorr   .            (no gloves)
SInv    .            (no boots)
Will    .....        (no amulet)
Stlth   +            (no ring)
HPRegen 0.26/turn    (no ring)
MPRegen 0.11/turn

%: no passive effects
@: confused
A: fangs 1, strong nose, distributed training
a: Renounce Religion, Fiery Armour, Foxfire Swarm, Rising Flame


You were on level 3 of the Dungeon.
You worshipped Ignis.
Ignis was extremely pleased with you.
You visited 1 branch of the dungeon, and saw 3 of its levels.

You collected 86 gold pieces.

Inventory:

Hand Weapons
 a - a -1 falchion of flaming (weapon)
Armour
 b - a +0 robe (worn)
Scrolls
 c - a scroll of enchant weapon {unknown}
 d - a scroll of identify {unknown}
 g - a scroll of silence {unknown}
Potions
 e - a potion of degeneration {unknown}
 f - a potion of flight {unknown}
 h - a potion of attraction {unknown}


   Skills:
 + Level 6.6 Fighting
 + Level 1.2 Short Blades
 + Level 6.6 Long Blades
 + Level 1.2 Axes
 + Level 1.2 Maces & Flails
 + Level 1.2 Polearms
 + Level 1.2 Staves
 + Level 1.2 Ranged Weapons
 + Level 1.2 Throwing
 + Level 1.2 Armour
 + Level 1.2 Dodging
 + Level 1.2 Stealth
 + Level 1.2 Shields
 + Level 1.2 Unarmed Combat
 + Level 3.0 Spellcasting
 + Level 1.0 Conjurations
 + Level 1.0 Hexes
 + Level 1.0 Summonings
 + Level 1.0 Necromancy
 + Level 1.0 Translocations
 + Level 1.0 Transmutations
 + Level 5.5 Fire Magic
 + Level 1.0 Ice Magic
 + Level 1.0 Air Magic
 + Level 1.0 Earth Magic
 + Level 1.0 Poison Magic
 + Level 1.3 Invocations
 + Level 1.2 Evocations


You had 7 spell levels left.
You knew the following spells:

 Your Spells              Type           Power      Damage    Failure   Level
a - Scorch                Fire           32%        2d6       3%          2

Your spell library contained the following spells:

 Spells                   Type           Power      Damage    Failure   Level


Dungeon Overview and Level Annotations

Branches:
Dungeon (3/15)

Altars:


Innate Abilities, Weirdness & Mutations

You have very sharp teeth.
Your uncanny sense of smell can sniff out nearby items.
Your experience applies equally to all skills.


Message History

The ball python bites you. The ball python constricts you.
You hit the ball python. You burn the ball python.
You kill the ball python!
You start resting.
An orc is nearby!
You barely miss something. Your bite misses something. Something hits you.
You barely miss the orc.
You hear some strange, mumbled words.
A magic dart appears from out of thin air!
The magic dart hits you. The orc hits you with a +0 flail!
You hit the orc but do no damage. Something hits you.
The orc hits you with a +0 flail.
You hit the orc. You burn the orc.
You kill the orc!
You hear some strange, mumbled words.
You are confused.
Okay, then.
You completely miss something. The orc hits you but does no damage.
Something hits you.
You miss something. The orc closely misses you. Something hits you.
* * * LOW HITPOINT WARNING * * *
You bump into the rock wall.
The orc hits you with a +0 dagger.
* * * LOW HITPOINT WARNING * * *
Something hits you.
* * * LOW HITPOINT WARNING * * *
You completely miss something. Your bite misses something.
The orc hits you with a +0 dagger.
* * * LOW HITPOINT WARNING * * *
Something hits you.
* * * LOW HITPOINT WARNING * * *
You bump into the rock wall.
The orc hits you but does no damage. Something hits you.
* * * LOW HITPOINT WARNING * * *
You closely miss something. The orc barely misses you.
You hear some strange, mumbled words.
A magic dart appears from out of thin air!
The magic dart hits you.
* * * LOW HITPOINT WARNING * * *
The orc attacks as you move away! The orc hits you with a +0 dagger.
You die...

#.# ..###### #
##.##...# .
##..#..#.#####...
.##..<#.##.........
............#####..
∆ .#.##.#####.#
.#.##.# #.#######
...##<# #...#{@.#
#.###.# ###..o###
#.###.### #)###
#.#.)...##....#
#..........#...
.....†....##....
..........##.o..o
..........##.(...{
..........##.......


You could see an orc.

Vanquished Creatures
  A scorpion (D:2)
  An adder (D:2)
  A dart slug (D:2)
  2 orcs (D:3)
  A ball python (D:3)
  An endoplasm (D:3)
  2 giant cockroaches (D:2)
  A goblin (D:3)
  3 kobolds (D:2)
  A quokka (D:2)
  A frilled lizard (D:3)
15 creatures vanquished.

Notes
Turn   | Place    | Note
-------+----------+-------------------------------------------
     0 | D:1      | Bobit the Gnoll Cinder Acolyte began the quest for the Orb.
     0 | D:1      | Reached XP level 1. HP: 23/23 MP: 4/4
    62 | D:2      | Reached XP level 2. HP: 29/29 MP: 5/5
   322 | D:2      | Noticed a scorpion
   330 | D:2      | Killed a scorpion
   331 | D:2      | Reached skill level 1 in Short Blades
   331 | D:2      | Reached skill level 1 in Axes
   331 | D:2      | Reached skill level 1 in Maces & Flails
   331 | D:2      | Reached skill level 1 in Polearms
   331 | D:2      | Reached skill level 1 in Staves
   331 | D:2      | Reached skill level 1 in Ranged Weapons
   331 | D:2      | Reached skill level 1 in Throwing
   331 | D:2      | Reached skill level 1 in Armour
   331 | D:2      | Reached skill level 1 in Dodging
   331 | D:2      | Reached skill level 1 in Stealth
   331 | D:2      | Reached skill level 1 in Shields
   331 | D:2      | Reached skill level 1 in Unarmed Combat
   331 | D:2      | Reached skill level 1 in Conjurations
   331 | D:2      | Reached skill level 1 in Hexes
   331 | D:2      | Reached skill level 1 in Summonings
   331 | D:2      | Reached skill level 1 in Necromancy
   331 | D:2      | Reached skill level 1 in Translocations
   331 | D:2      | Reached skill level 1 in Transmutations
   331 | D:2      | Reached skill level 1 in Ice Magic
   331 | D:2      | Reached skill level 1 in Air Magic
   331 | D:2      | Reached skill level 1 in Earth Magic
   331 | D:2      | Reached skill level 1 in Poison Magic
   331 | D:2      | Reached skill level 1 in Invocations
   331 | D:2      | Reached skill level 1 in Evocations
   331 | D:2      | Reached XP level 3. HP: 9/35 MP: 5/7
   331 | D:2      | Reached XP level 4. HP: 10/41 MP: 5/8
   582 | D:2      | Learned a level 2 spell: Scorch
   993 | D:3      | HP: 1/41 [something/magic dart (4)]
   994 | D:3      | Slain by an orc

Illustrated notes

Levels and vault maps discovered:
D:1:      spicycebolla_arrival_transporter_tutorial, layout_rooms
D:2:      layout_basic, chequers_serial_rivers_micro_c, minmay_indecisive_spiral
D:3:      layout_rooms, nicolae_ru_awakened_eye, serial_shops, shop,
          hellmonk_ecumenical_altar_prayer_group, grunt_ministairs_12,
          nicolae_titane, uniq_robin

Skill      XL: |  1  2 |
---------------+-------+-----
Short Blades   | 1 |  1.2
Axes           | 1 |  1.2
Maces & Flails | 1 |  1.2
Polearms       | 1 |  1.2
Staves         | 1 |  1.2
Ranged Weapons | 1 |  1.2
Throwing       | 1 |  1.2
Armour         | 1 |  1.2
Dodging        | 1 |  1.2
Stealth        | 1 |  1.2
Shields        | 1 |  1.2
Unarmed Combat | 1 |  1.2
Spellcasting   | 3 |  3.0
Conjurations   | 1 |  1.0
Hexes          | 1 |  1.0
Summonings     | 1 |  1.0
Necromancy     | 1 |  1.0
Translocations | 1 |  1.0
Transmutations | 1 |  1.0
Ice Magic      | 1 |  1.0
Air Magic      | 1 |  1.0
Earth Magic    | 1 |  1.0
Poison Magic   | 1 |  1.0
Invocations    | 1 |  1.3
Evocations     | 1 |  1.2
Fighting       | |  6.6
Long Blades    | |  6.6
Fire Magic     | |  5.5

Action                     |  1- 3 |  4- 6 || total
---------------------------+-------+-------++-------
  Melee: Falchion          |    27 |    25 ||    52
         Bite              |     1 |     1 ||     2
 Armour: Robe              |     4 |     4 ||     8
  Dodge: Dodged            |    18 |    10 ||    28
